 Dungeon Crawl Stone Soup version 0.28.0-43-g3370ac3207 (webtiles) character file.

Game seed: 100358542772814694

2 terff the Stinger (level 1, 0/14 HPs)
             Began as a Ghoul Venom Mage on Mar 21, 2022.
             Slain by a bat (1 damage)
             ... on level 1 of the Dungeon.
             The game lasted 00:00:21 (78 turns).

terff the Stinger (Ghoul Venom Mage)                  Turns: 78, Time: 00:00:22

Health: 0/14       AC:  2    Str: 11    XL:     1   Next: 40%
Magic:  2/2        EV: 12    Int: 10    God:
Gold:   0          SH:  0    Dex:  9    Spells: 2/3 levels left

rFire   . . .      SeeInvis .   (no weapon)
rCold   + . .      Faith    .   (no shield)
rNeg    + + +      Spirit   .   a - +0 robe
rPois   ∞          Reflect  .   (no helmet)
rElec   .          Harm     .   (no cloak)
rCorr   .          Rampage  .   (no gloves)
Will    .....                   (no boots)
Stlth   ++........              (no amulet)
HPRegen 0.00/turn               (no ring)
MPRegen 0.08/turn               (no ring)

@: inhibited regen
A: claws 1, cold resistance 1, negative energy resistance 3, inhibited
regeneration, torment resistance 2
a: no special abilities


You were on level 1 of the Dungeon.
You visited 1 branch of the dungeon, and saw 1 of its levels.

Inventory:

Armour
 a - a +0 robe (worn)
Scrolls
 b - a scroll of vulnerability {unknown}


   Skills:
 + Level 2.0 Dodging
 + Level 2.1 Stealth
 + Level 1.7 Spellcasting
 + Level 0.8 Transmutations
 + Level 3.0 Poison Magic


You had 2 spell levels left.
You knew the following spells:

 Your Spells              Type           Power      Damage    Failure   Level
a - Sting                 Tmut/Pois      16%        1d3       14%         1

Your spell library contained the following spells:

 Spells                   Type           Power      Damage    Failure   Level
 Poisonous Vapours        Pois/Air       6%         N/A       26%         2
 Mephitic Cloud           Conj/Pois/Air  2%         N/A       54%         3
 Olgreb's Toxic Radiance  Pois           6%         N/A       67%         4


Dungeon Overview and Level Annotations

Branches:
Dungeon (1/15)

Altars:


Innate Abilities, Weirdness & Mutations

You thrive by killing the living.
You are immune to poison.
You have sharp fingernails.
Your flesh is cold resistant. (rC+)
You are immune to negative energy. (rN+++)
You do not regenerate when monsters are visible.
You are immune to unholy pain and torment.


Message History

The bat completely misses you. The dart slug barely misses you.
You scratch the dart slug.
The dart slug is heavily wounded.
The bat closely misses you.
The dart slug bites you but does no damage.
You scratch the dart slug but do no damage.
The dart slug is heavily wounded.
The bat closely misses you.
You scratch the dart slug.
The dart slug is almost dead.
The bat barely misses you.
The dart slug briefly extends its eye-stalks.
The dart slug closely misses you.
You barely miss the dart slug.
The dart slug is almost dead.
The bat hits you but does no damage. The dart slug launches a dart at you.
The slug dart hits you. The dart slug launches a dart at you.
The slug dart hits you.
You scratch the dart slug.
You kill the dart slug!
The bat hits you but does no damage. The dart slug launches a dart at you.
The slug dart hits you.
Your Dodging skill increases to level 2!
The bat hits you but does no damage.
You see here a dart slug corpse.
You scratch the bat but do no damage. The bat closely misses you.
The dart slug launches a dart at you. The slug dart hits you.
* * * LOW HITPOINT WARNING * * *
The bat hits you but does no damage. The dart slug launches a dart at you.
The slug dart hits you.
* * * LOW HITPOINT WARNING * * *
You scratch the dart slug.
The dart slug is moderately wounded.
The bat hits you.
You die...

#. ....#..# .#...#. +..
...#...###.....# #...
#....#..#.....#
...#+#+##...#...#.....#
#.............#.#..(#.
#............#...#.#..
.##.....................
.......†................
.......@b.##'#'#....###.
.......w..##.#.###......
..........+..#...'......
..........########......
........................
#+################.#####
#.....................
#.....................
#...#######...#####...


You could see a dart slug and a bat.

Vanquished Creatures
  A dart slug (D:1)
1 creature vanquished.

Notes
Turn   | Place    | Note
-------+----------+-------------------------------------------
     0 | D:1      | terff the Ghoul Venom Mage began the quest for the Orb.
     0 | D:1      | Reached XP level 1. HP: 14/14 MP: 2/2
    78 | D:1      | Slain by a bat

Illustrated notes

Levels and vault maps discovered:
D:1:      dpeg_arrival_boxorama, layout_basic, minmay_splitting_lines

Skill      XL: |  1 |
---------------+----+-----
Dodging        | 2 |  2.0
Stealth        | |  2.1
Spellcasting   | |  1.7
Transmutations | |  0.8
Poison Magic   | |  3.0

Action                   || total
-------------------------++-------
Melee: Unarmed           ||     9
Armor: Robe              ||     6
Dodge: Dodged            ||    11
